 Dungeon Crawl Stone Soup version 0.23-a0-582-g1b4a0ca (webtiles) character file.

1960 AverageBear the Protected (level 9, 42/74 HPs)
             Began as a Deep Dwarf Fighter on Dec 16, 2018.
             Quit the game on level 7 of the Dungeon.
             The game lasted 00:11:29 (5934 turns).

AverageBear the Protected (Deep Dwarf Fighter)      Turns: 5934, Time: 00:11:30

Health: 42/74      AC: 11    Str: 22    XL:     9   Next: 0%
Magic:  7/7        EV: 12    Int: 10    God:
Gold:   223        SH:  4    Dex: 12    Spells: 8/8 levels left

rFire    + . .     SeeInvis .   I - +3 hand axe
rCold    x . .     Gourm    .   H - +0 buckler
rNeg     . . .     Faith    .   b - +0 scale mail
rPois    .         Spirit   .   s - +1 helmet
rElec    .         Reflect  .   B - +0 cloak
rCorr    .         Harm     .   (no gloves)
MR       +....                  (no boots)
Stlth    +.........             g - amulet of the acrobat
HPRegen  0.00/turn              l - ring of fire
MPRegen  0.10/turn              G - ring of stealth

@: non-regenerating, heavily drained
A: damage resistance, heal wounds, sense surroundings 2, no regeneration
a: Heal Wounds


You were on level 7 of the Dungeon.
You were very hungry.

You visited 2 branches of the dungeon, and saw 8 of its levels.
You also visited: Sewer.

You collected 223 gold pieces.

Inventory:

Hand Weapons
 a - a +0 war axe
 I - a +3 hand axe (weapon)
Armour
 b - a +0 scale mail (worn)
 c - a +0 shield
 s - a +1 helmet (worn)
 B - a +0 cloak (worn)
 H - a +0 buckler (worn)
Jewellery
 g - an amulet of the acrobat (around neck)
 l - a ring of fire (left hand)
 p - an uncursed ring of flight
 q - an uncursed ring of flight
 v - an uncursed amulet of regeneration
 G - a ring of stealth (right hand)
Wands
 m - a wand of flame (14)
 o - a wand of iceblast (4)
 y - a wand of polymorph (13)
Scrolls
 i - 4 scrolls of remove curse
 j - 2 scrolls of noise
 k - 2 scrolls of immolation
 n - a scroll of silence {unknown}
 t - 2 scrolls of fog
 u - a scroll of enchant weapon {unknown}
 x - 2 scrolls of random uselessness {unknown}
 C - 2 scrolls of blinking
 E - a scroll of fear
Potions
 d - 2 potions of might
 e - 5 potions of degeneration {unknown}
 h - 2 potions of heal wounds
 r - 3 potions of curing {unknown}
 w - a potion of mutation {unknown}
 z - a potion of ambrosia {unknown}
 A - a potion of cancellation {unknown}
 D - a potion of agility {unknown}
 F - a potion of flight {unknown}
Comestibles
 f - 14 rations


   Skills:
 - Level 2.6(1.1) Fighting
 - Level 7.1(5.3) Axes
 + Level 8.2(6.3) Armour
 - Level 7.2(5.3) Dodging
 - Level 4.3(2.6) Shields


You had 8 spell levels left.
You didn't know any spells.
Your spell library contained the following spells:

 Spells                   Type           Power        Failure   Level  Hunger
 Magic Dart               Conj           #...         73%         1    ##.....
 Blink                    Tloc           N/A          86%         2    ###....
 Call Imp                 Summ           #.......     86%         2    ###....
 Slow                     Hex            #.......     86%         2    ###....
 Conjure Flame            Conj/Fire      #.......     97%         3    ####...
 Mephitic Cloud           Conj/Pois/Air  #.......     97%         3    ####...


Dungeon Overview and Level Annotations

Branches:
Dungeon (7/15)             Temple (1/1) D:6

Altars:
Ashenzari
Cheibriados
Dithmenos
Elyvilon
Gozag
Kikubaaqudgha
Makhleb
Okawaru
Qazlal
Ru
Sif Muna
Trog
Uskayaw
Vehumet
Xom
Zin
The Shining One

Shops:
D:5 %


Innate Abilities, Weirdness & Mutations

You are resistant to damage.
You can heal yourself by infusing magical energy.
You passively map the area around you.
You do not regenerate.


Message History

a +0 robe
Things that are here:
a cursed +2 long sword; a +0 robe You are feeling very hungry.
You see here a +0 giant club.
You see here a spear.
You see here a spear.
Done exploring.
Done exploring.
Done exploring.
(D) Dungeon (T) Temple
Where to? (? - help)
What level of the Dungeon? (default 1, ? - help)
You see here a +0 flail.
There is a stone staircase leading down here.
You climb downwards.
Found a stone staircase leading up.
There is a stone staircase leading up here.
Okay, then.
Are you sure you want to abandon this character and quit the game? (Confirm

** ** , , ,
,, . *.# ## *
, ** ** . .#
,., , *#.
.#,.# , * ,*
* * #.
.#..#*,,*
#.##.#..##. *
,
#<.........,,
#......###. *
* #..@.......
* ##.....####
, * #.....# ,
, * * ###.#.#
,, * .#.# * *
* * .#,. , *
,.#* # * * ##
, , * , , ,
,, ,


There were no monsters in sight!

Vanquished Creatures
  2 ice beasts
  A sky beast (D:7)
  A phantom (D:5)
  An ogre (D:6)
  A crocodile (Sewer)
  2 bullfrogs (D:6)
  A water moccasin zombie (D:6)
  A scorpion (D:4)
  8 wights (D:6)
  A howler monkey (D:3)
  3 crimson imps (D:6)
  A jelly (D:6)
  A bullfrog skeleton (D:6)
  A centaur skeleton (D:7)
  2 orc priests
  3 iguanas (D:4)
  An orc wizard (D:6)
  2 worker ants (D:4)
  A killer bee zombie (D:5)
  A hound skeleton (D:4)
  A howler monkey zombie (D:5)
  4 gnolls (D:6)
  17 adders
  3 river rats (D:3)
  A shadow imp (D:6)
  An ooze (D:6)
  An adder zombie (D:5)
  5 adder skeletons
  10 worms
  2 dart slugs
  5 leopard geckos
  12 orcs
  11 bats
  7 giant cockroaches
  5 goblins
  7 hobgoblins
  11 jackals
  3 quokkas
  2 ball pythons
  8 frilled lizards
  A giant cockroach zombie (D:5)
  A jackal skeleton (D:5)
  A jackal zombie (D:5)
  12 kobolds
  A leopard gecko skeleton (D:4)
  2 quokka zombies (D:5)
  12 rats
181 creatures vanquished.

Notes
Turn   | Place    | Note
-------+----------+-------------------------------------------
     0 | D:1      | AverageBear the Deep Dwarf Fighter began the quest for the
                  | Orb.
     0 | D:1      | Reached XP level 1. HP: 20/20 MP: 1/1
    65 | D:1      | Reached XP level 2. HP: 27/27 MP: 2/2
   316 | D:1      | Reached XP level 3. HP: 33/33 MP: 3/3
  1166 | D:2      | Found a snail-covered altar of Cheibriados.
  1441 | D:3      | Reached XP level 4. HP: 31/40 MP: 4/4
  1451 | D:3      | Reached skill level 5 in Axes
  1545 | D:3      | Reached XP level 5. HP: 17/46 MP: 5/5
  1555 | D:3      | Found a glowing drain.
  1567 | Sewer    | Entered a sewer
  1623 | Sewer    | Noticed a crocodile
  1636 | Sewer    | Killed a crocodile
  1900 | D:3      | Reached XP level 6. HP: 29/55 MP: 5/5
  1987 | D:3      | Reached skill level 1 in Dodging
  2235 | D:3      | Found a white marble altar of Elyvilon.
  2236 | D:3      | Found a hide-covered altar of Uskayaw.
  2518 | D:4      | You fall through a shaft for 3 floors!
  2556 | D:7      | Noticed a sky beast
  2573 | D:7      | Killed a sky beast
  2573 | D:7      | Reached XP level 7. HP: 59/61 MP: 6/6
  2851 | D:6      | Reached skill level 5 in Dodging
  2928 | D:6      | Found a staircase to the Ecumenical Temple.
  2943 | Temple   | Entered the Ecumenical Temple
  3027 | D:5      | Entered Level 5 of the Dungeon
  3027 | D:5      | Found Orre Lew's Food Shoppe.
  3284 | D:5      | Found a bloodstained altar of Trog.
  3382 | D:5      | Reached XP level 8. HP: 44/68 MP: 7/7
  3459 | D:5      | Reached skill level 4 in Armour
  4814 | D:6      | Upgraded the game from 0.23-a0-577-g2b1de94 to
                  | 0.23-a0-582-g1b4a0ca
  4860 | D:6      | Reached skill level 5 in Armour
  5051 | D:6      | Reached skill level 6 in Armour
  5081 | D:6      | Found a shadowy altar of Dithmenos.
  5303 | D:6      | Reached skill level 7 in Armour
  5664 | D:6      | Reached skill level 8 in Armour
  5683 | D:6      | Gained mutation: You passively map the area around you.
                  | [Deep Dwarf growth]
  5683 | D:6      | Reached XP level 9. HP: 42/74 MP: 7/7
  5934 | D:7      | Quit the game

Vault maps used:
D:1:      dpeg_arrival_ratfight, serial_park_tiny_2
D:2:      lemuel_round_altar
D:3:      kennysheep_six_static_rooms, nicolae_overflow_hidden_temple,
          lightli_sewer_entry_pipes
D:4:      first_ration, minmay_lizard_king
D:5:      cheibrodos_iron_armory, bloody_trog, serial_undead, serial_undead_a,
          serial_undead_a, serial_undead_d, serial_undead_b, serial_shops, shop,
          st_stairs_7
D:6:      minmay_angry_zag, kennysheep_mini, minmay_temple_entry_grid
D:7:      serial_shops, shop, uniq_crazy_yiuf_cottage
Temple:   nicolae_temple_no_exploring_needed
Sewer:    sewer_the_crocodile

Skill      XL: |  1  2  3  4  5  6  7  8 |
---------------+-------------------------+-----
Axes           | 3 4 5 7 |  7.1
Dodging        | 4 7 |  7.2
Armour         | 8 |  8.2
Shields        | 4 |  4.3
Fighting       | |  2.6

Action                   |  1- 3 |  4- 6 |  7- 9 || total
-------------------------+-------+-------+-------++-------
Melee: War axe           |   125 |   229 |   306 ||   660
 Abil: Heal Wounds       |       |     2 |     5 ||     7
  Use: Scroll            |     3 |     3 |     6 ||    12
       Potion            |       |     1 |     1 ||     2
  Eat: Chunk             |     2 |     4 |    10 ||    16
Armor: Scale mail        |    67 |    80 |   100 ||   247
Dodge: Dodged            |    49 |    87 |   158 ||   294
Block: Shield            |    66 |   113 |    72 ||   251
       Buckler           |       |       |    36 ||    36

Table legend:
 A = Non-vault XP
 B = Vault XP
 C = Vault XP percentage of total XP
 D = Non-vault monster count
 E = Vault monster count
 F = Vault count percentage of total count
                 A         B        C        D         E       F
            +---------+---------+-------+---------+---------+-------
      Total |    2045 |     755 |  27.0 |     127 |      54 |  29.8
            +---------+---------+-------+---------+---------+-------
        D:1 |      37 |       5 |  11.9 |      21 |       5 |  19.2
        D:2 |      30 |       0 |   0.0 |      16 |       0 |   0.0
        D:3 |      77 |     245 |  76.1 |      20 |      22 |  52.4
        D:4 |     275 |      49 |  15.1 |      23 |       8 |  25.8
        D:5 |     255 |     153 |  37.5 |      12 |       9 |  42.9
        D:6 |    1198 |     184 |  13.3 |      29 |       4 |  12.1
        D:7 |     173 |       0 |   0.0 |       6 |       0 |   0.0
      Sewer |       0 |     119 | 100.0 |       0 |       6 | 100.0
            +---------+---------+-------+---------+---------+-------
